 Dungeon Crawl Stone Soup version 0.29-a0-90-gc37658a0fe (webtiles) character file.

Game seed: 11848010778252998433

161 lordive the Shield-Bearer (level 5, -4/47 HPs)
             Began as a Gnoll Fighter on Feb 7, 2022.
             Killed by nerve-wracking pain
             ... invoked by an orc priest
              (13 damage)
             ... on level 4 of the Dungeon.
             The game lasted 00:02:49 (2884 turns).

lordive the Shield-Bearer (Gnoll Fighter)           Turns: 2884, Time: 00:02:50

Health: -4/47      AC:  7    Str: 15    XL:     5   Next: 42%
Magic:  7/7        EV: 11    Int: 10    God:
Gold:   163        SH:  5    Dex: 11    Spells: 6/6 levels left

rFire   . . .      SeeInvis .   t - +1 mace (drain)
rCold   . . .      Faith    .   c - +0 buckler
rNeg    . . .      Spirit   .   s - +1 leather armour {rPois}
rPois   +          Reflect  .   (no helmet)
rElec   .          Harm     .   o - +0 cloak
rCorr   .          Rampage  .   (no gloves)
Will    .....                   l - +0 pair of boots
Stlth   +.........              (no amulet)
HPRegen 0.15/turn               (no ring)
MPRegen 0.10/turn               (no ring)

@: no status effects
A: fangs 1, strong nose, distributed training
a: no special abilities


You were on level 4 of the Dungeon.
You visited 1 branch of the dungeon, and saw 4 of its levels.

You collected 163 gold pieces.

Inventory:

Hand Weapons
 a - a +0 long sword
 p - a +0 morningstar
 t - a +1 mace of draining (weapon)
Armour
 b - a +0 scale mail
 c - a +0 buckler (worn)
 l - a +0 pair of boots (worn)
 o - a +0 cloak (worn)
 s - a +1 leather armour of poison resistance (worn)
Magical Staves
 e - a staff of death
Jewellery
 h - a ring of magical power
Scrolls
 i - a scroll of teleportation {unknown}
 j - 2 scrolls of noise {unknown}
 m - a scroll of summoning {unknown}
 q - a scroll of identify {unknown}
 u - a scroll of vulnerability {unknown}
Potions
 d - a potion of might
 f - a potion of flight {unknown}
 g - 2 potions of brilliance {unknown}
 k - a potion of curing {unknown}
 n - a potion of lignification {unknown}
 r - 3 potions of mutation {unknown}


   Skills:
 + Level 6.7 Fighting
 + Level 1.4 Short Blades
 + Level 4.8 Long Blades
 + Level 1.4 Axes
 + Level 1.4 Maces & Flails
 + Level 1.4 Polearms
 + Level 1.4 Staves
 + Level 1.4 Slings
 + Level 1.4 Bows
 + Level 1.4 Crossbows
 + Level 1.4 Throwing
 + Level 6.7 Armour
 + Level 1.4 Dodging
 + Level 1.4 Stealth
 + Level 6.7 Shields
 + Level 1.4 Unarmed Combat
 + Level 1.4 Spellcasting
 + Level 1.1 Conjurations
 + Level 1.1 Hexes
 + Level 1.1 Summonings
 + Level 1.1 Necromancy
 + Level 1.1 Translocations
 + Level 1.1 Transmutations
 + Level 1.1 Fire Magic
 + Level 1.1 Ice Magic
 + Level 1.1 Air Magic
 + Level 1.1 Earth Magic
 + Level 1.1 Poison Magic
 + Level 1.6 Invocations
 + Level 1.4 Evocations


You had 6 spell levels left.
You didn't know any spells.
Your spell library was empty.

Dungeon Overview and Level Annotations

Branches:
Dungeon (4/15)
 Temple: D:4-7

Altars:
Elyvilon
Gozag
Zin
The Shining One

Annotations:
D:2 Sigmund


Innate Abilities, Weirdness & Mutations

You have very sharp teeth.
Your uncanny sense of smell can sniff out nearby items.
Your experience applies equally to all skills.


Message History

The adder bites you but does no damage. The orc barely misses you.
You block the orc's attack. The adder bites you but does no damage.
You closely miss the adder.
The adder is severely wounded.
The adder barely misses you. The orc hits you with a +0 war axe.
The orc hits you but does no damage. You block the adder's attack.
The orc hits you but does no damage. The orc hits you with a +0 club.
You miss the adder.
The adder is severely wounded.
The adder bites you but does no damage. The orc hits you with a +0 war axe.
The orc barely misses you. You block the adder's attack.
You hit the adder. You drain the adder.
You kill the adder!
The orc hits you but does no damage. x2
You hit the orc priest.
You bite the orc priest, but do no damage.
The orc priest is moderately wounded.
The orc misses you.
The orc priest hits you but does no damage.
The orc barely misses you. The orc priest hits you with a +0 club.
* * * LOW HITPOINT WARNING * * *
The orc barely misses you. The orc closely misses you.
You hit the orc priest. You drain the orc priest.
The orc priest is severely wounded.
The orc closely misses you. You block the orc priest's attack.
The orc closely misses you.
You hit the orc priest.
The orc priest is almost dead.
The orc closely misses you.
The orc priest mumbles some strange prayers to Beogh against you.
Pain shoots through your body!
* * * LOW HITPOINT WARNING * * *
The orc closely misses you.
You closely miss the orc priest.
The orc priest is almost dead.
You block the orc priest's attack. You block the orc's attack.
The orc hits you but does no damage.
The orc priest invokes the aid of Beogh against you.
Pain shoots through your body!
You die...

#............# #.
##...###.# #.
#......#.# #.
##...#.#.####### #.#
##.##.......(..
#.#####.####.....###
#.).....# ##.###.##
#..###### #.......#
#..#### #..###@o#
......#####..# #oo#
.......†.....# #..#
.).##......... ....
).......)....# ##..#
...########.## ...
..># #.# .... ...# ∆
#.... ##.#


You could see an orc priest (drained) and 2 orcs.

Vanquished Creatures
  3 adders
  4 gnolls (D:3)
  2 worms (D:2)
  3 dart slugs
  12 orcs
  7 endoplasms
  2 giant cockroaches
  3 goblins (D:1)
  3 hobgoblins
  4 jackals (D:3)
  4 kobolds
  5 quokkas
  6 ball pythons
  6 bats
  2 frilled lizards (D:1)
  4 rats
70 creatures vanquished.

Vanquished Creatures (others)
  A plant (D:3)
1 creature vanquished.

Grand Total: 71 creatures vanquished

Notes
Turn   | Place    | Note
-------+----------+-------------------------------------------
     0 | D:1      | lordive the Gnoll Fighter began the quest for the Orb.
     0 | D:1      | Reached XP level 1. HP: 23/23 MP: 1/1
   307 | D:1      | Found a faded altar of an unknown god.
   370 | D:1      | Reached XP level 2. HP: 29/29 MP: 2/2
   710 | D:1      | Reached XP level 3. HP: 35/35 MP: 3/3
  1402 | D:2      | Reached skill level 1 in Invocations
  1646 | D:2      | Noticed Sigmund
  1948 | D:3      | Reached skill level 1 in Short Blades
  1948 | D:3      | Reached skill level 1 in Axes
  1948 | D:3      | Reached skill level 1 in Maces & Flails
  1948 | D:3      | Reached skill level 1 in Polearms
  1948 | D:3      | Reached skill level 1 in Staves
  1948 | D:3      | Reached skill level 1 in Slings
  1948 | D:3      | Reached skill level 1 in Bows
  1948 | D:3      | Reached skill level 1 in Crossbows
  1948 | D:3      | Reached skill level 1 in Throwing
  1948 | D:3      | Reached skill level 1 in Dodging
  1948 | D:3      | Reached skill level 1 in Stealth
  1948 | D:3      | Reached skill level 1 in Unarmed Combat
  1948 | D:3      | Reached skill level 1 in Spellcasting
  1948 | D:3      | Reached skill level 1 in Evocations
  1948 | D:3      | Reached XP level 4. HP: 41/41 MP: 5/5
  1968 | D:3      | Reached skill level 1 in Conjurations
  1968 | D:3      | Reached skill level 1 in Hexes
  1968 | D:3      | Reached skill level 1 in Summonings
  1968 | D:3      | Reached skill level 1 in Necromancy
  1968 | D:3      | Reached skill level 1 in Translocations
  1968 | D:3      | Reached skill level 1 in Transmutations
  1968 | D:3      | Reached skill level 1 in Fire Magic
  1968 | D:3      | Reached skill level 1 in Ice Magic
  1968 | D:3      | Reached skill level 1 in Air Magic
  1968 | D:3      | Reached skill level 1 in Earth Magic
  1968 | D:3      | Reached skill level 1 in Poison Magic
  2126 | D:3      | Found a glowing silver altar of Zin.
  2126 | D:3      | Found a glowing golden altar of the Shining One.
  2126 | D:3      | Found a white marble altar of Elyvilon.
  2330 | D:3      | Reached XP level 5. HP: 37/47 MP: 6/6
  2602 | D:3      | Found an opulent altar of Gozag.
  2884 | D:4      | Killed from afar by an orc priest

Illustrated notes

Levels and vault maps discovered:
D:1:      minmay_arrival_arboretum_small, layout_basic,
          shapermc_ecumenical_altar_mp_vishouse
D:2:      layout_basic, uniq_sigmund
D:3:      layout_basic, good_gods_mini_temple, nicolae_overflow_hidden_temple,
          corexii_leaking_fountain, minmay_misc_feat_five, serial_bayou_pond_d
D:4:      cheibrodos_quashed, layout_loops_ring

Skill      XL: |  1  2  3  4 |
---------------+-------------+-----
Invocations    | 1 |  1.6
Short Blades   | 1 |  1.4
Axes           | 1 |  1.4
Maces & Flails | 1 |  1.4
Polearms       | 1 |  1.4
Staves         | 1 |  1.4
Slings         | 1 |  1.4
Bows           | 1 |  1.4
Crossbows      | 1 |  1.4
Throwing       | 1 |  1.4
Dodging        | 1 |  1.4
Stealth        | 1 |  1.4
Unarmed Combat | 1 |  1.4
Spellcasting   | 1 |  1.4
Evocations     | 1 |  1.4
Conjurations   | 1 |  1.1
Hexes          | 1 |  1.1
Summonings     | 1 |  1.1
Necromancy     | 1 |  1.1
Translocations | 1 |  1.1
Transmutations | 1 |  1.1
Fire Magic     | 1 |  1.1
Ice Magic      | 1 |  1.1
Air Magic      | 1 |  1.1
Earth Magic    | 1 |  1.1
Poison Magic   | 1 |  1.1
Fighting       | |  6.7
Long Blades    | |  4.8
Armour         | |  6.7
Shields        | |  6.7

Action                   |  1- 3 |  4- 6 || total
-------------------------+-------+-------++-------
Melee: Long sword        |   134 |   102 ||   236
       Bite              |    12 |     6 ||    18
       Mace              |       |    24 ||    24
Armor: Scale mail        |    74 |    54 ||   128
       Leather armour    |       |    17 ||    17
Dodge: Dodged            |    57 |    79 ||   136
Block: Buckler           |    56 |    52 ||   108

Table legend: (Time is in decaauts)
 A = Elapsed time spent in this place.
 B = Non-inter-level travel time spent in this place.
 C = Inter-level travel time spent in this place.
 D = Time resting spent in this place.
 E = Time spent auto-exploring this place.
 F = Levels seen in this place.
 G = Mean time per level.
                   A        B        C        D        E       F      G
               +--------+--------+--------+--------+--------+-----+--------+
         Total |   2947 |   2865 |     82 |    228 |   2064 |   4 |  736.8 |
       Dungeon |   2947 |   2865 |     82 |    228 |   2064 |   4 |  736.8 |
               +--------+--------+--------+--------+--------+-----+--------+

Top non-repeatable levels by time:
     D:1: 1394 daAuts
     D:3: 1035 daAuts
     D:2: 305 daAuts
     D:4: 212 daAuts
